cohdb
Replays
Latest Replays
All Replays
Popular Replays
Top Player Replays
Match Explorer
How It Works
Community
CoH3 Stats
Reddit
Sign in to upload your games and track your stats! →
Sign in with Steam
Match 37668922
Unlisted
Match 37668922
Overview
Messages
Build Orders
End
Construct Barracks
Selects Airborne Battlegroup
Selects Pathfinders
Pathfinder Squad
Riflemen Squad
Riflemen Squad
M1 Mortar Team
Infantry Support Center
Selects Paratrooper Squad Paradrop
Construct Motor Pool
Construct Medical Station
Selects Recon Loiter
M24 Chaffee Light Tank
Engineer Squad
Grenade Package
Selects Anti-tank Gun Team Paradrop
Anti-tank Gun Team Paradrop
Construct Tank Depot
Selects Paradrop Reinforcements
M4A1 Sherman Medium Tank
Engineer Squad
Pathfinder Squad
Selects Dual P-47 Rocket Strike
Paratrooper Squad Paradrop
Anti-tank Gun Team Paradrop
M4A1 Sherman Medium Tank
Selects Carpet Bombing Run
Carpet Bombing Run
Microsoft Outlook
CryPsyco
0
0
Comments
sign in to comment!
No comments posted yet!